[Event "Team 45 45 League T47"]
[Site "Internet Chess Club"]
[Date "2010.12.06"]
[Round "5"]
[White "WilmaP"]
[Black "Mclintock45"]
[Result "1-0"]
[WhiteElo "1230"]
[BlackElo "1006"]
[Opening "Ruy Lopez: Anderssen variation"]
[ECO "C77"]
[Time "13:00:15"]
[TimeControl "2700+45"]

1. e4 e5 2. Nf3 Nc6 3. Bb5 a6 4. Ba4 Nf6 5. d3 Bb4+ 6. c3 Bc5 7. O-O O-O 8. h3
d5 9. Nbd2 d4 10. Bxc6 bxc6 11. Nxe5 Qd6 12. Ndf3 Re8 13. Bf4 Nh5 14. Bh2 f6 15.
Ng4 Bxg4 16. Bxd6 cxd6 17. hxg4 Nf4 18. cxd4 Bb6 19. Rc1 d5 20. e5 Bd8 21. Rxc6
Rb8 22. Qd2 Ne6 23. Rd6 Bc7 24. Rxd5 Ng5 25. exf6 gxf6 26. Nxg5 fxg5 27. Rxg5+
Kh8 28. Qc3 Bf4 29. d5+ Be5 30. Rxe5 h5 31. Rxe8+ Kh7 32. Rxb8 hxg4 33. Qh8+ Kg6
34. Qg8+ Kf5 35. Rf8+ Ke5 36. Re1+ Kd4 37. Qxg4+ Kxd3 38. Qe2+ Kd4 39. Rd1+ Kc5
40. Qxa6 Kb4 41. a3+ Kc5 42. Rc8# {Black checkmated} 1-0

[Event "Team 45 45 League T47"]
[Site "Internet Chess Club"]
[Date "2010.12.04"]
[Round "5"]
[White "Just-Jim"]
[Black "Skylab"]
[Result "0-1"]
[WhiteElo "1359"]
[BlackElo "1287"]
[Opening "Petrov's defense"]
[ECO "C42"]
[Time "13:00:36"]
[TimeControl "2700+45"]

1. e4 e5 2. Nf3 Nf6 3. d3 Nc6 4. Bg5 Be7 5. Be2 O-O 6. a3 d6 7. h3 Nd4 8. Nxd4
exd4 9. Nd2 c5 10. Nf3 Bd7 11. O-O Ne8 12. Bxe7 Qxe7 13. b4 Nf6 14. bxc5 dxc5
15. Qd2 Bc6 16. Qf4 h6 17. Qe5 Rfe8 18. Qxe7 Rxe7 19. Nh4 Bd7 20. Bf3 Rb8 21.
Rab1 Be6 22. g4 g5 23. Nf5 Bxf5 24. exf5 b6 25. Kh2 Rd7 26. Rfe1 Rdd8 27. Re7
Rd7 28. Rbe1 Kf8 29. Rxd7 Nxd7 30. Bc6 Nf6 31. Kg3 Rc8 32. Be4 Nxe4+ 33. Rxe4
Re8 34. Rxe8+ Kxe8 35. Kf3 Ke7 36. Ke4 Kd6 37. f4 f6 38. fxg5 hxg5 39. a4 a6 40.
Kf3 Ke5 41. Kg3 b5 42. axb5 axb5 43. h4 gxh4+ 44. Kxh4 c4 45. dxc4 bxc4 46. Kh5
d3 47. cxd3 cxd3 48. g5 fxg5 49. Kxg5 d2 50. f6 d1=Q 51. f7 Qf1 52. Kg6 Ke6 53.
Kg7 Qxf7+ {White resigns} 0-1

[Event "Team 45 45 League T47"]
[Site "Internet Chess Club"]
[Date "2010.12.04"]
[Round "5"]
[White "JimGaming"]
[Black "WzeroMN"]
[Result "1-0"]
[WhiteElo "1270"]
[BlackElo "1158"]
[Opening "Bishop's opening: Ponziani gambit"]
[ECO "C24"]
[Time "14:01:58"]
[TimeControl "2700+45"]

1. e4 e5 2. Bc4 Nf6 3. d4 Nc6 4. d5 Ne7 5. Nc3 Ng6 6. Nf3 Bb4 7. O-O Bxc3 8.
bxc3 Nxe4 9. Qd3 Nc5 10. Qe2 d6 11. Bg5 f6 12. Be3 O-O 13. Bxc5 dxc5 14. Rad1
Kh8 15. Bd3 Nf4 16. Qe4 Nxd3 17. Qxd3 Bd7 18. c4 Re8 19. Qa3 b6 20. Nd2 Bf5 21.
Qc3 Qe7 22. f3 Qd7 23. Ne4 Qa4 24. Qb3 Qxb3 25. cxb3 Bxe4 26. fxe4 Rac8 27. g4
Rcd8 28. a4 Rd6 29. h4 Red8 30. h5 c6 31. Kg2 cxd5 32. Rxd5 Rxd5 33. cxd5 Rd6
34. Kg3 Kg8 35. Kh4 Kf7 36. g5 Ke7 37. Kg4 fxg5 38. Kxg5 a5 39. Rf5 h6+ 40. Kg4
Kd7 41. Rf7+ Ke8 42. Rxg7 Rf6 43. Rg8+ Ke7 44. Rg7+ Ke8 45. Rg6 Rf4+ 46. Kg3
Rxe4 47. Rxh6 Re3+ 48. Kg4 Re4+ 49. Kf5 Rf4+ 50. Kxe5 c4 51. Kxf4 c3 52. Rc6
{Black resigns} 1-0

[Event "Team 45 45 League T47"]
[Site "Internet Chess Club"]
[Date "2010.12.04"]
[Round "5"]
[White "CoasterBrake"]
[Black "MeansToAnEnd"]
[Result "1-0"]
[WhiteElo "1197"]
[BlackElo "1166"]
[Opening "Ruy Lopez: Berlin defense, 4.O-O, d6"]
[ECO "C66"]
[Time "13:05:50"]
[TimeControl "2700+45"]

1. e4 e5 2. Nf3 Nc6 3. Bb5 Nf6 4. O-O d6 5. d4 Bd7 6. Nc3 a6 7. Bxc6 Bxc6 8. Re1
Be7 9. dxe5 dxe5 10. Nxe5 Bxe4 11. Qxd8+ Rxd8 12. Nxe4 Nxe4 13. Bf4 Nd6 14. Rad1
O-O 15. h3 Rfe8 16. b3 f6 17. Nd3 g5 18. Bd2 h5 19. Nc5 Kf7 20. Ne6 Rd7 21. Nc5
Rdd8 22. Ne4 Nxe4 23. Rxe4 h4 24. Ree1 b6 25. a4 a5 26. g3 hxg3 27. fxg3 Bd6 28.
Kg2 Rxe1 29. Bxe1 Be7 30. Rxd8 Bxd8 31. Kf3 Ke6 32. h4 gxh4 33. gxh4 Kf5 34. Bg3
c6 35. Bf4 Be7 36. Be3 Bd8 37. h5 Bc7 38. h6 Kg6 39. Ke4 f5+ 40. Kf3 Bd8 41. Bf4
Be7 42. Be3 Bc5 43. Bxc5 bxc5 44. Kf4 Kxh6 45. Kxf5 Kg7 46. Ke6 Kg6 47. Kd6 Kf5
48. Kxc6 Ke4 49. Kxc5 Ke3 50. c4 Kd3 51. Kb5 Kc3 52. c5 Kxb3 53. c6 {Black
resigns} 1-0

[Event "Team 45 45 League T47"]
[Site "Internet Chess Club"]
[Date "2010.12.11"]
[Round "5"]
[White "sere"]
[Black "theartist"]
[Result "0-1"]
[WhiteElo "1204"]
[BlackElo "1207"]
[Opening "Nimzo-Indian defense"]
[ECO "E20"]
[Time "12:49:36"]
[TimeControl "2700+45"]

1. d4 Nf6 2. c4 e6 3. Nc3 Bb4 4. Bd2 c5 5. Nf3 Nc6 6. d5 Nd4 7. Nxd4 cxd4 8. Nb5
Bxd2+ 9. Qxd2 O-O 10. Qxd4 b6 11. e4 d6 12. Bd3 e5 13. Qe3 Ba6 14. O-O Bxb5 15.
cxb5 Rc8 16. Rac1 Rc5 17. Rxc5 bxc5 18. Rc1 Qa5 19. a3 Rb8 20. Be2 Rb6 21. Qc3
Qxc3 22. Rxc3 Nxe4 23. Rc4 Nf6 24. Ra4 Nxd5 25. Rxa7 g6 26. Ra6 Rxa6 27. bxa6
Nc7 28. a7 d5 29. Bf3 e4 30. Bd1 d4 31. Ba4 d3 32. Kf1 c4 33. Bc6 d2 34. Ke2
d1=Q+ 35. Kxd1 c3 36. bxc3 f5 37. a8=Q+ Nxa8 38. Bxa8 Kf7 39. a4 Ke7 40. a5 Kd7
41. a6 Kc7 42. c4 Kb6 43. Bb7 Ka7 44. c5 f4 45. c6 Kb8 46. a7+ Kxa7 47. f3 e3
48. g3 g5 49. Bc8 Kb8 50. Bd7 Kc7 51. Bf5 h6 52. h4 Kxc6 {White resigns} 0-1

[Event "Team 45 45 League T47"]
[Site "Internet Chess Club"]
[Date "2010.12.07"]
[Round "5"]
[White "crimsonviper"]
[Black "JWB"]
[Result "1/2-1/2"]
[WhiteElo "1584"]
[BlackElo "1605"]
[Opening "Grünfeld: exchange, Spassky variation"]
[ECO "D87"]
[Time "14:00:10"]
[TimeControl "2700+45"]

1. d4 Nf6 2. c4 g6 3. Nc3 d5 4. cxd5 Nxd5 5. e4 Nxc3 6. bxc3 Bg7 7. Bc4 O-O 8.
Ne2 c5 9. O-O Nc6 10. Be3 Bg4 11. f3 Bd7 12. a4 Na5 13. Ba2 cxd4 14. cxd4 Rc8
15. Rb1 b6 16. Rb4 Qc7 17. Qd2 Qc2 18. Bb1 Qxd2 19. Bxd2 Nc4 20. Bf4 a5 21. Rb3
Bxa4 22. Rd3 e5 23. dxe5 Bxe5 24. Ba2 Bxf4 25. Nxf4 Ne5 26. Rd4 b5 27. Nd5 Rc2
28. Rf2 Rc1+ 29. Rf1 Rxf1+ 30. Kxf1 Kg7 31. Nb6 Bc2 32. Rd5 Rb8 33. Rxe5 Rxb6
34. Re7 b4 35. Rxf7+ Kh6 36. Ra7 a4 37. Kf2 b3 38. Rxa4 bxa2 {Game drawn by
mutual agreement} 1/2-1/2

[Event "Team 45 45 League T47"]
[Site "Internet Chess Club"]
[Date "2010.12.05"]
[Round "5"]
[White "BenjaminSisko"]
[Black "whiskeytown"]
[Result "0-1"]
[WhiteElo "1470"]
[BlackElo "1508"]
[Opening "Pirc: classical, h3 system"]
[ECO "B07"]
[Time "20:04:25"]
[TimeControl "2700+45"]

1. e4 d6 2. d4 Nf6 3. Nc3 g6 4. h3 Bg7 5. Nf3 O-O 6. Be2 c6 7. e5 dxe5 8. dxe5
Qxd1+ 9. Bxd1 Nd5 10. Bd2 b6 11. O-O Ba6 12. Re1 e6 13. Ne4 Nc7 14. b3 Nd7 15.
Bf4 Rad8 16. c4 c5 17. a4 Nb8 18. Bg5 Rd7 19. Nf6+ Bxf6 20. Bxf6 Nc6 21. Bc2 Nb4
22. Be4 Ne8 23. Bg5 Kg7 24. Red1 Rxd1+ 25. Rxd1 f6 26. Rd7+ Kg8 27. exf6 Nxf6
28. Bxf6 Rxf6 29. Rxa7 Rf7 30. Ra8+ Rf8 31. Ng5 Rxa8 32. Bxa8 Bc8 33. Be4 Bd7
34. Kf1 Kg7 35. Nf3 Kf6 36. Ke2 Bc6 37. Bb1 Bxf3+ 38. Kxf3 Nc6 39. Ke3 Nd4 40.
Ba2 e5 41. Ke4 Ke6 42. f4 exf4 43. Kxf4 Ne2+ {White resigns} 0-1

[Event "Team 45 45 League T47"]
[Site "Internet Chess Club"]
[Date "2010.12.06"]
[Round "5"]
[White "GadsHill"]
[Black "philosopherking"]
[Result "0-1"]
[WhiteElo "1485"]
[BlackElo "1529"]
[Opening "QGD: exchange, positional line"]
[ECO "D35"]
[Time "20:00:22"]
[TimeControl "2700+45"]

1. d4 d5 2. c4 e6 3. Nc3 Nf6 4. cxd5 exd5 5. Bg5 Be7 6. e3 c6 7. Qc2 O-O 8. Bd3
h6 9. Bh4 Nbd7 10. Nf3 c5 11. dxc5 Nxc5 12. Be2 Be6 13. O-O Rc8 14. Qd2 Nce4 15.
Nxe4 Nxe4 16. Qd1 Bxh4 17. Nxh4 Qxh4 {White resigns} 0-1

[Event "Team 45 45 League T47"]
[Site "Internet Chess Club"]
[Date "2010.12.05"]
[Round "5"]
[White "FractalDante"]
[Black "AlekSaxon"]
[Result "1-0"]
[WhiteElo "1506"]
[BlackElo "1484"]
[Opening "Sicilian: Labourdonnais-Löwenthal variation"]
[ECO "B32"]
[Time "17:00:32"]
[TimeControl "2700+45"]

1. e4 c5 2. Nf3 Nc6 3. d4 cxd4 4. Nxd4 e5 5. Nb5 Nd4 6. Nxd4 exd4 7. Qxd4 Qf6 8.
e5 Qb6 9. Be3 Qxd4 10. Bxd4 d5 11. Nc3 Bb4 12. a3 Bxc3+ 13. Bxc3 Be6 14. Rd1 Ne7
15. Bb5+ Nc6 16. O-O a6 17. Ba4 O-O-O 18. Rfe1 b5 19. Bb3 g5 20. Bd2 g4 21. Bg5
Rd7 22. c3 h5 23. Bf6 Rh6 24. Rd2 h4 25. Red1 Na5 26. Bxd5 Bf5 27. Ba2 Rc7 28.
Rd8+ Kb7 29. Rh8 Rxh8 30. Bxh8 Nc4 31. Bxc4 Rxc4 32. Rd2 Re4 33. Kf1 Be6 34. f3
Bc4+ 35. Kf2 gxf3 36. gxf3 Rf4 37. Rd4 Rf5 38. Rxh4 Bd5 39. f4 Kc6 40. b4 Be6
41. Ke3 Kb6 42. Bf6 Kc6 43. Rh8 Kb6 44. h4 Kc6 45. Rd8 Rh5 46. Kd4 Bc4 47. Rh8
Rf5 48. Bg5 Be6 49. h5 f6 50. exf6 Rd5+ 51. Ke3 Bf5 52. f7 Rd3+ 53. Kf2 Rd2+ 54.
Ke1 Rh2 55. f8=Q Rh1+ 56. Kf2 Rh2+ 57. Kg3 Rh3+ 58. Kf2 Rh2+ 59. Ke3 Rh3+ 60.
Kd4 Rd3+ 61. Ke5 Rd5+ 62. Kf6 {Black resigns} 1-0

[Event "Team 45 45 League T47"]
[Site "Internet Chess Club"]
[Date "2010.12.03"]
[Round "5"]
[White "VietLion"]
[Black "Mark-SF"]
[Result "0-1"]
[WhiteElo "1910"]
[BlackElo "1790"]
[Opening "QGD: Orthodox defense, Botvinnik variation"]
[ECO "D60"]
[Time "16:02:48"]
[TimeControl "2700+45"]

1. d4 d5 2. c4 e6 3. Nc3 Nf6 4. Bg5 Be7 5. e3 O-O 6. Nf3 Nbd7 7. Bd3 c6 8. O-O
dxc4 9. Bxc4 h6 10. Bxf6 Nxf6 11. e4 Qc7 12. Qe2 Rd8 13. Rac1 Qf4 14. Qc2 a5 15.
Bd3 h5 16. Ne2 Qh6 17. h4 Bd7 18. Ne5 Ng4 19. Nxd7 Rxd7 20. g3 e5 21. dxe5 Nxe5
22. Rcd1 Rad8 23. Nc1 Qg6 24. Kh1 Nxd3 25. Nxd3 Rxd3 26. Qxd3 Rxd3 {White
resigns} 0-1

[Event "Team 45 45 League T47"]
[Site "Internet Chess Club"]
[Date "2010.12.07"]
[Round "5"]
[White "oldsj"]
[Black "Bacon1290"]
[Result "0-1"]
[WhiteElo "1593"]
[BlackElo "1704"]
[Opening "Sicilian: Najdorf variation"]
[ECO "B98"]
[Time "13:00:21"]
[TimeControl "2700+45"]

1. e4 c5 2. Nf3 d6 3. d4 cxd4 4. Nxd4 Nf6 5. Nc3 a6 6. Bg5 e6 7. f4 Be7 8. Qf3
Qc7 9. O-O-O b5 10. g4 Bb7 11. Bxf6 Bxf6 12. g5 Bxd4 13. Rxd4 Nc6 14. Rd2 Rc8
15. f5 Ne5 16. Qh5 b4 17. Bb5+ Kf8 18. f6 bxc3 19. fxg7+ Kxg7 20. Rf2 cxb2+ 21.
Kb1 Bxe4 22. Ba4 Bxh1 23. Bb3 Be4 24. Qh6+ Kg8 25. Qf6 Ng4 26. Qf4 Nxf2 27. Qxf2
Bxc2+ 28. Kxb2 Qc3+ 29. Ka3 Bxb3 {White resigns} 0-1

[Event "Team 45 45 League T47"]
[Site "Internet Chess Club"]
[Date "2010.12.05"]
[Round "5"]
[White "leo6"]
[Black "rom1"]
[Result "1/2-1/2"]
[WhiteElo "1553"]
[BlackElo "1507"]
[Opening "Alekhine's defense: four pawns attack"]
[ECO "B02"]
[Time "10:00:18"]
[TimeControl "2700+45"]

1. e4 Nf6 2. e5 Nd5 3. c4 Nb6 4. d4 d6 5. f4 dxe5 6. fxe5 Bf5 7. Nc3 e6 8. Nf3
Bb4 9. Bd2 c5 10. dxc5 Bxc5 11. Be2 O-O 12. Qc1 Nc6 13. Be3 Qe7 14. O-O h6 15.
Rd1 Rad8 16. a3 Rxd1+ 17. Nxd1 Nd7 18. b4 Bb6 19. c5 Bc7 20. Bf4 Ndxe5 21. Nxe5
Nxe5 22. Qe3 Qf6 23. Rc1 Rd8 24. Nf2 Bb8 25. Rf1 Nc6 26. Bxb8 Rxb8 27. Ne4 Qd4
28. Qxd4 Nxd4 29. Ng3 Nxe2+ 30. Nxe2 Bd3 31. Kf2 Bxe2 32. Kxe2 Rd8 33. Rc1 a6
34. c6 bxc6 35. Rxc6 Ra8 36. Kd3 Kf8 37. Kc4 Ke7 38. Kc5 Kd7 39. a4 e5 40. b5
axb5 41. axb5 Rc8 42. h4 Rxc6+ 43. bxc6+ Kc7 44. Kd5 f6 45. h5 Kc8 46. Ke4 Kc7
47. Kd5 Kd8 48. Ke4 Kc8 49. Kd5 Kc7 50. g4 Kd8 51. Ke4 Kc8 52. Kd5 Kc7 53. Kc5
Kd8 54. Kd5 Ke7 55. Kc5 Kd8 56. Kd5 Kc7 57. Kc5 e4 58. Kd4 e3 59. Kxe3 Kxc6 60.
Kf4 Kd6 61. Kf5 Ke7 62. Kg6 Kf8 63. Kf5 Kf7 64. Kf4 Ke6 65. Ke4 Ke7 66. Kf4 Kf7
67. Kf5 Ke7 68. Kg6 Kf8 69. Kf5 Kf7 70. Kf4 g6 71. hxg6+ Kxg6 72. Kg3 Kg5 73.
Kf3 Kh4 74. Kf4 Kh3 75. Kf3 Kh2 76. Kf2 Kh3 77. Kf3 Kh4 78. Kf4 Kh3 79. Kf3
{Game drawn by repetition} 1/2-1/2

[Event "Team 45 45 League T47"]
[Site "Internet Chess Club"]
[Date "2010.12.06"]
[Round "5"]
[White "stan-beers"]
[Black "Burbia"]
[Result "1/2-1/2"]
[WhiteElo "1407"]
[BlackElo "1366"]
[Opening "French defense"]
[ECO "C00"]
[Time "13:00:52"]
[TimeControl "2700+45"]

1. e4 e6 2. Nf3 d5 3. exd5 exd5 4. d4 Nf6 5. c3 Be7 6. Bd3 O-O 7. O-O Bg4 8.
Nbd2 Nbd7 9. Qc2 h6 10. Re1 Re8 11. Ne5 Bd6 12. Ndf3 Bxf3 13. Nxf3 Rxe1+ 14.
Nxe1 Qe7 15. Nf3 Re8 16. Bd2 Qd8 17. h3 Ne4 18. Re1 Ndf6 19. Be3 c5 20. Qb1
{Game drawn by mutual agreement} 1/2-1/2

[Event "Team 45 45 League T47"]
[Site "Internet Chess Club"]
[Date "2010.12.06"]
[Round "5"]
[White "stputte"]
[Black "oldprez"]
[Result "1-0"]
[WhiteElo "1579"]
[BlackElo "1459"]
[Opening "Caro-Kann: Tartakower (fantasy) variation"]
[ECO "B12"]
[Time "12:00:10"]
[TimeControl "2700+45"]

1. e4 c6 2. d4 d5 3. f3 dxe4 4. fxe4 Nf6 5. Nc3 Bg4 6. Be2 Bxe2 7. Ngxe2 e6 8.
O-O Be7 9. Ng3 O-O 10. e5 Nd5 11. Nce4 f5 12. exf6 Nxf6 13. Ng5 Nbd7 14. Nxe6
Qb6 15. Nxf8 Rxf8 16. c3 c5 17. Qb3+ Kh8 18. Qxb6 Nxb6 19. dxc5 Bxc5+ 20. Kh1
Re8 21. b4 Bd6 22. Bf4 Nc4 23. Bxd6 Nxd6 24. Rfe1 Rc8 25. Rac1 h6 26. h3 Nb5 27.
Re7 Nd5 28. Rxb7 Nbxc3 29. Ne4 a5 30. bxa5 Ra8 31. Nxc3 Rxa5 32. Nxd5 Rxd5 33.
Rc8+ Kh7 34. Rcc7 Rg5 35. a4 Kh8 36. Rb5 Rg6 37. a5 Ra6 38. Rcc5 Kh7 39. Rb6 Ra7
40. a6 Re7 41. Rb7 Re1+ 42. Kh2 Ra1 43. a7 {Black resigns} 1-0

[Event "Team 45 45 League T47"]
[Site "Internet Chess Club"]
[Date "2010.12.05"]
[Round "5"]
[White "radiohead"]
[Black "dscvdchk"]
[Result "0-1"]
[WhiteElo "1446"]
[BlackElo "1511"]
[Opening "Scandinavian defense"]
[ECO "B01"]
[Time "08:06:12"]
[TimeControl "2700+45"]

1. e4 d5 2. exd5 Nf6 3. Nf3 Nxd5 4. d4 g6 5. c4 Nb6 6. Be2 Bg7 7. O-O O-O 8. Nc3
c6 9. Be3 Bg4 10. b3 Na6 11. h3 Bc8 12. Qd2 Re8 13. Rad1 Nc7 14. Bh6 Bh8 15. Ne4
Ne6 16. d5 cxd5 17. cxd5 Ng7 18. d6 Bf5 19. Ng3 Be6 20. Bb5 Bd7 21. Be2 Bc6 22.
Ne5 exd6 23. Qf4 Rxe5 24. Qxe5 dxe5 25. Rxd8+ Rxd8 26. Rd1 Rxd1+ 27. Bxd1 Nd7
{White resigns} 0-1

[Event "Team 45 45 League T47"]
[Site "Internet Chess Club"]
[Date "2010.12.06"]
[Round "5"]
[White "JimGaming"]
[Black "chips"]
[Result "1-0"]
[WhiteElo "1284"]
[BlackElo "1206"]
[Opening "Pirc: Austrian attack"]
[ECO "B09"]
[Time "14:30:23"]
[TimeControl "2700+45"]

1. e4 d6 2. d4 Nf6 3. Nc3 g6 4. f4 Bg7 5. Nf3 O-O 6. h3 Nbd7 7. Be3 c6 8. Bc4 e5
9. dxe5 dxe5 10. fxe5 Ne8 11. e6 Bxc3+ 12. Kf2 Bxb2 13. exf7+ Kg7 14. Rb1 Bf6
15. h4 Nb6 16. Qxd8 Bxd8 17. Bd4+ Kh6 18. fxe8=Q Rxe8 19. Be3+ Kg7 20. Bd3 Be6
21. Rb2 Bf6 22. e5 Be7 23. h5 Ba3 24. h6+ Kh8 25. Rbb1 Nd5 26. Rxb7 Nxe3 27.
Kxe3 Bxa2 28. Rc7 Bc5+ 29. Ke2 Bd5 30. Rb1 Bxf3+ 31. gxf3 Rxe5+ 32. Kf1 Re6 33.
Rbb7 Bf8 34. Rxh7+ Kg8 35. Bc4 Re8 36. Bxe6+ Rxe6 37. Rxa7 Rf6 38. Kf2 Bc5+ 39.
Kg3 Bxa7 40. Rxa7 g5 41. Rg7+ Kh8 42. Rxg5 Rxh6 43. Kg4 Rd6 44. Rc5 Kg7 45. f4
Kf6 46. Rg5 Rd5 47. c4 Rd4 48. Rc5 Rd6 49. Re5 Rd4 50. Rf5+ Kg6 51. c5 Rd5 52.
Rxd5 cxd5 53. c6 {Black resigns} 1-0

[Event "Team 45 45 League T47"]
[Site "Internet Chess Club"]
[Date "2010.12.03"]
[Round "5"]
[White "Tjet"]
[Black "BrerRabbit"]
[Result "1/2-1/2"]
[WhiteElo "1553"]
[BlackElo "1579"]
[Opening "English opening"]
[ECO "A16"]
[Time "19:01:25"]
[TimeControl "2700+45"]

1. c4 Nf6 2. Nc3 g6 3. g3 Bg7 4. Bg2 O-O 5. e4 d6 6. d3 c5 7. Nge2 Nc6 8. O-O a6
9. f3 Rb8 10. Be3 Bd7 11. Qd2 Ne8 12. d4 cxd4 13. Nxd4 Nc7 14. Nxc6 bxc6 15.
Rab1 Ne6 16. b3 c5 17. Ne2 Qc7 18. Nc3 Bd4 19. Nd5 Qd8 20. Bxd4 Nxd4 21. b4 e6
22. bxc5 dxc5 23. Rxb8 Qxb8 24. Nf6+ Kg7 25. Nxd7 Qd8 26. Ne5 f6 27. Qb2 fxe5
28. Qb7+ Rf7 29. Qxa6 Qc7 30. a4 Qa7 31. Qxa7 Rxa7 32. Ra1 Kf7 33. a5 Nb3 34.
Ra3 Nxa5 35. Bf1 Nc6 36. Rxa7+ Nxa7 {Game drawn by mutual agreement} 1/2-1/2

[Event "Team 45 45 League T47"]
[Site "Internet Chess Club"]
[Date "2010.12.04"]
[Round "5"]
[White "chesskix"]
[Black "alaskauk"]
[Result "1-0"]
[WhiteElo "1448"]
[BlackElo "1446"]
[Opening "Queen's pawn game"]
[ECO "A50"]
[Time "15:00:25"]
[TimeControl "2700+45"]

1. c4 Nf6 2. d4 c6 3. Nc3 d6 4. e4 g6 5. Nf3 Bg7 6. Be2 O-O 7. O-O Re8 8. h3 Bd7
9. a4 Kh8 10. Ng5 Rf8 11. e5 dxe5 12. dxe5 Ne8 13. e6 Bc8 14. Nxf7+ Rxf7 15.
exf7 Nd6 16. c5 Nxf7 17. Bc4 Qf8 18. Bxf7 Qxf7 19. Qd8+ Qf8 20. Rd1 Nd7 21. Rxd7
Bxd7 22. Qxd7 Rd8 23. Qg4 Rd4 24. Qe2 Rd7 25. Be3 h6 26. Rd1 Qe8 27. Rxd7 Qxd7
28. Qg4 Qe8 29. Qe6 Kh7 30. h4 h5 31. Bg5 Bf8 32. Ne4 Bg7 33. Bxe7 Bxb2 34. Ng5+
Kh6 35. Nf7+ Kh7 36. Ng5+ Kh6 37. Qe3 Kg7 {Black resigns} 1-0

[Event "Team 45 45 League T47"]
[Site "Internet Chess Club"]
[Date "2010.12.03"]
[Round "5"]
[White "arconia"]
[Black "stan-beers"]
[Result "1-0"]
[WhiteElo "1371"]
[BlackElo "1409"]
[Opening "King's pawn opening"]
[ECO "B07"]
[Time "20:02:51"]
[TimeControl "2700+45"]

1. e4 d6 2. Nf3 Nf6 3. d3 Nbd7 4. Be2 e5 5. O-O Be7 6. h3 c6 7. b3 Qc7 8. Nh2
Nc5 9. Bb2 a5 10. Nd2 b5 11. f4 Be6 12. f5 Bd7 13. Ng4 Qa7 14. Kh1 O-O-O 15. a3
Nh5 16. Kh2 Bg5 17. b4 Bf4+ 18. Rxf4 Nxf4 19. bxc5 Nxe2 20. Qxe2 Qxc5 21. Nb3
Qb6 22. d4 f6 23. Rc1 h5 24. Ne3 Be8 25. c4 Bf7 26. d5 c5 27. cxb5 g5 28. a4 g4
29. h4 Rhg8 30. Nc4 g3+ 31. Kh3 Qa7 32. Nbxa5 Be8 33. b6 Qa6 34. Nxd6+ {Black
resigns} 1-0

[Event "Team 45 45 League T47"]
[Site "Internet Chess Club"]
[Date "2010.12.07"]
[Round "5"]
[White "Cicero"]
[Black "malihini"]
[Result "1-0"]
[WhiteElo "1371"]
[BlackElo "1235"]
[Opening "Vienna game"]
[ECO "C26"]
[Time "16:00:27"]
[TimeControl "2700+45"]

1. e4 e5 2. Nc3 Nf6 3. Bc4 c6 4. f4 d5 5. exd5 cxd5 6. Bb5+ Nc6 7. fxe5 Bg4 8.
Nf3 Nd7 9. d4 Qb6 10. Nxd5 Qa5+ 11. Bd2 Qxd2+ 12. Qxd2 Rc8 13. Qg5 {Black
resigns} 1-0

[Event "Team 45 45 League T47"]
[Site "Internet Chess Club"]
[Date "2010.12.04"]
[Round "5"]
[White "bshribharath"]
[Black "DARKwizard1"]
[Result "1-0"]
[WhiteElo "1783"]
[BlackElo "2071"]
[Opening "KP: Nimzovich defense"]
[ECO "A40"]
[Time "09:00:36"]
[TimeControl "2700+45"]

1. d4 Nc6 2. e4 e5 3. dxe5 Nxe5 4. f4 Nc6 5. Nf3 Bc5 6. Qe2 Nge7 7. Nc3 O-O 8.
Be3 b6 9. Bxc5 bxc5 10. Qd2 Rb8 11. b3 Re8 12. Be2 d5 13. exd5 Nb4 14. a3 Nbxd5
15. Rd1 Bb7 16. O-O Qd6 17. Bb5 Red8 18. Nxd5 Nxd5 19. Bc4 Nf6 20. Qe2 Qxf4 21.
Bxf7+ Kh8 22. Rxd8+ Rxd8 23. Qe5 Qxe5 24. Nxe5 Rd2 25. Rf2 Rxf2 26. Kxf2 Ne4+
27. Ke3 Nd6 28. g3 g6 29. Bc4 Be4 30. Nf7+ Nxf7 31. Kxe4 Ng5+ 32. Kd5 Nf3 33. h3
Nd4 34. Kxc5 Nxc2 35. a4 h5 36. Kc6 Nd4+ 37. Kxc7 Nf5 38. g4 hxg4 39. hxg4 Ne3
40. Be6 Kg7 41. Kb7 Kf6 42. Bc8 a5 43. Kb6 Ke7 44. Kxa5 Kd8 45. Bb7 Nxg4 46. Kb6
Ne5 47. a5 Nd7+ 48. Kc6 Ne5+ 49. Kd6 Nf7+ 50. Ke6 Ng5+ 51. Kf6 Nh7+ 52. Kxg6
Nf8+ 53. Kf5 Kc7 54. Be4 Nd7 55. b4 Nb8 56. b5 Nd7 57. Ke6 Nc5+ 58. Kd5 Nd7 59.
Bf5 Nb8 60. Kc5 Kb7 61. Kd6 Ka7 62. Bc8 Ka8 63. Kc7 {Black resigns} 1-0

[Event "Team 45 45 League T47"]
[Site "Internet Chess Club"]
[Date "2010.12.04"]
[Round "5"]
[White "ferrari9182"]
[Black "Ivio"]
[Result "1/2-1/2"]
[WhiteElo "1954"]
[BlackElo "1817"]
[Opening "QGD: Albin counter-gambit"]
[ECO "D08"]
[Time "16:00:16"]
[TimeControl "2700+45"]

1. d4 d5 2. c4 e5 3. dxe5 d4 4. Nf3 Nc6 5. a3 Nge7 6. e3 dxe3 7. Qxd8+ Nxd8 8.
Bxe3 Ng6 9. Nc3 Bg4 10. Nb5 Ne6 11. Nfd4 Nxd4 12. Bxd4 O-O-O 13. f3 Bd7 14.
O-O-O a6 15. Nc3 Be7 16. Ne4 Ba4 17. Rd2 Bc6 18. Kc2 Ba4+ 19. b3 Bc6 20. b4 Rhe8
21. g3 Bf8 22. Bh3+ Kb8 23. Rhd1 Ba4+ 24. Kc3 Bxd1 25. Rxd1 Nxe5 26. Rf1 Nxf3
27. Rxf3 Rxe4 28. Rd3 g6 29. Ba7+ Kxa7 30. Rxd8 Bg7+ 31. Kd3 Re7 32. Bg2 Bh6 33.
c5 Re3+ 34. Kc4 Rxa3 35. Rd7 Ra2 36. Bd5 Kb8 37. Rd8+ Ka7 38. Rd7 Kb8 39. Rd8+
Ka7 40. Rd7 Kb8 {Game drawn by repetition} 1/2-1/2

[Event "Team 45 45 League T47"]
[Site "Internet Chess Club"]
[Date "2010.12.04"]
[Round "5"]
[White "JeeniousChess"]
[Black "kidviper"]
[Result "1-0"]
[WhiteElo "1751"]
[BlackElo "1961"]
[Opening "Budapest: Adler variation"]
[ECO "A52"]
[Time "13:00:30"]
[TimeControl "2700+45"]

1. d4 Nf6 2. c4 e5 3. dxe5 Ng4 4. Nf3 Bc5 5. e3 Nc6 6. Be2 Ngxe5 7. Nc3 d6 8.
O-O O-O 9. b3 Be6 10. Bb2 Qf6 11. Nxe5 dxe5 12. Ne4 Qe7 13. Nxc5 Qxc5 14. Qc2 f5
15. Rfd1 a5 16. a3 Rae8 17. b4 axb4 18. axb4 Nxb4 19. Qb3 Nc6 20. Ba3 Qb6 21.
Qxb6 cxb6 22. Bxf8 Kxf8 23. Rdb1 Na5 24. Rxb6 Bxc4 25. Rxa5 Bxe2 26. Rxb7 Re7
27. Rxe7 Kxe7 28. Rxe5+ Kf6 29. Rc5 Bd3 30. f3 h6 31. Kf2 g6 32. Rc6+ Kg7 33. g3
Bb5 34. Rb6 Bd3 35. e4 fxe4 36. Ke3 Bf1 37. fxe4 Kf7 38. e5 Bh3 39. Rf6+ Kg7 40.
Rf2 Be6 41. Kd4 h5 42. Kc5 Kh6 43. Kd6 Bg4 44. e6 Bxe6 45. Kxe6 Kg5 46. h3 h4
47. g4 Kh6 48. Kf7 Kg5 49. Rf6 Kh6 50. Rxg6+ Kh7 51. g5 Kh8 52. Rh6# {Black
checkmated} 1-0

[Event "Team 45 45 League T47"]
[Site "Internet Chess Club"]
[Date "2010.12.05"]
[Round "5"]
[White "mongmong"]
[Black "hcube"]
[Result "1/2-1/2"]
[WhiteElo "1550"]
[BlackElo "1618"]
[Opening "Queen's pawn game"]
[ECO "D04"]
[Time "17:02:25"]
[TimeControl "2700+45"]

1. d4 Nf6 2. Nf3 d5 3. e3 c5 4. c3 Bf5 5. dxc5 Nc6 6. Nd4 Bg6 7. Bb5 Qc7 8. Qa4
Rc8 9. Qxa7 e5 10. Nxc6 bxc6 11. Qxc7 Rxc7 12. Be2 Bxc5 13. O-O O-O 14. b3 Ra7
15. Bb2 Rfa8 16. a3 Bxb1 17. Rfxb1 Bxa3 18. Bxa3 Rxa3 19. Rxa3 Rxa3 20. c4 g6
21. f3 d4 22. exd4 exd4 23. b4 d3 24. Bf1 d2 25. Be2 Rc3 26. Rd1 Rc1 27. Kf2 Nd7
28. Rxd2 Nb6 29. b5 Nxc4 30. Rd8+ Kg7 31. bxc6 Ne5 32. Re8 Nxc6 33. Rc8 Rc2 34.
Ke1 Nd4 35. Rxc2 Nxc2+ 36. Kd2 Nd4 37. Bd3 Kf6 38. Ke3 Ne6 39. g3 g5 40. h3 h6
41. Bc4 Ke5 42. Bxe6 Kxe6 43. f4 gxf4+ 44. Kxf4 Kf6 45. g4 Kg6 46. h4 h5 47.
gxh5+ Kxh5 48. Kf5 Kxh4 49. Kf6 Kg4 50. Kxf7 {Game drawn because neither player
has mating material} 1/2-1/2

[Event "Team 45 45 League T47"]
[Site "Internet Chess Club"]
[Date "2010.12.05"]
[Round "5"]
[White "chessateer"]
[Black "byebyebadman"]
[Result "1-0"]
[WhiteElo "1881"]
[BlackElo "1819"]
[Opening "French: King's Indian attack"]
[ECO "C00"]
[Time "06:14:11"]
[TimeControl "2700+45"]

1. e4 e6 2. d3 d5 3. Nd2 c5 4. Ngf3 Nc6 5. g3 g6 6. Bg2 Bg7 7. O-O Nge7 8. Re1
b6 9. exd5 Nxd5 10. d4 cxd4 11. Nb3 Bb7 12. Nfxd4 Nxd4 13. Nxd4 Rc8 14. Rxe6+
fxe6 15. Nxe6 {Black resigns} 1-0